 Dungeon Crawl Stone Soup version 0.14-a0-1570-g671a4b6 (webtiles) character file.

105 PolkaDot the Cutter (level 3, 0/28 HPs)
             Began as a Vampire Death Knight on Dec 20, 2013.
             Was a Believer of Yredelemnul.
             Slain by Crazy Yiuf
             ... wielding a +4,+4 quarterstaff of chaos
              (12 damage)
             ... on Level 2 of the Dungeon.
             The game lasted 00:05:10 (898 turns).

PolkaDot the Cutter (Vampire Death Knight)           Turns: 898, Time: 00:05:10

HP   0/28        AC  9     Str 12      XL: 3   Next: 25%
MP   4/4         EV 19     Int 13      God: Yredelemnul [**....]
Gold 67          SH  0     Dex 19      Spells:  0 memorised,  2 levels left

rFire  . . .     SeeInvis +     o - +3,+4 elf dagger
rCold  . . .     Clarity  .     g - +2 robe {MR+}
rNeg   . . .     Conserve .     (no shield)
rPois  .         rCorr    .     (no helmet)
rElec  .         rRot     .     a - +0 cloak
SustAb . .       Spirit   .     (no gloves)
rMut   .         Warding  .     (no boots)
Saprov . . .     Stasis   .     (no amulet)
                                (no ring)
                                (no ring)

@: regenerating quickly, agile, very slightly contaminated, hasted, injury
mirror, very quick, somewhat resistant to hostile enchantments, stealthy
A: fangs 3, repulsion field 1, iridescent scales 1, see invisible, unbreathing
a: Animate Remains, Recall Undead Slaves, Injury Mirror, Renounce Religion


You were on level 2 of the Dungeon.
You worshipped Yredelemnul.
Yredelemnul was pleased with you.
You were very full.

You visited 1 branch of the dungeon, and saw 2 of its levels.

You collected 67 gold pieces.

Inventory:

Hand weapons
 o - a +3,+4 elven dagger (weapon)
Missiles
 j - 8 stones (quivered)
Armour
 a - a +0 cloak (worn)
 g - a +2 robe of magic resistance (worn)
Scrolls
 d - 3 scrolls of enchant armour {unknown}
 e - 2 scrolls of enchant weapon II {unknown}
 m - a scroll of amnesia {unknown}
Potions
 h - a potion of resistance
 n - a potion of brilliance


   Skills:
 + Level 2.6 Fighting
 * Level 3.2 Short Blades
 - Level 0.7 Armour
 - Level 1.1 Dodging
 - Level 2.4 Invocations


You had 2 spell levels left.
You didn't know any spells.

Dungeon Overview and Level Annotations

Branches:
Dungeon (2/16)

Altars:
Trog
Yredelemnul

Annotations:
D:2 Crazy Yiuf


Innate Abilities, Weirdness & Mutations

Your natural rate of healing is unusually fast.
You have razor-sharp teeth.*
You have supernaturally acute eyesight.
You can survive without breathing.*
You are surrounded by a mild repulsion field (EV +2).+ You are partially covered in iridescent scales (AC +4).*


Message History

Crazy Yiuf is severely wounded.
You hit Crazy Yiuf. Your bite misses Crazy Yiuf.
Crazy Yiuf is almost dead.
You completely miss Crazy Yiuf.
Crazy Yiuf is almost dead.
Crazy Yiuf barely misses you.
You closely miss Crazy Yiuf.
Crazy Yiuf is almost dead.
You hit Crazy Yiuf but do no damage.
Crazy Yiuf is almost dead.
Crazy Yiuf zaps a wand.
The puff of flame hits you! Yredelemnul mirrors your injury!
Crazy Yiuf is almost dead.
You hit Crazy Yiuf.
Crazy Yiuf is almost dead.
You closely miss Crazy Yiuf.
Crazy Yiuf is almost dead.
Crazy Yiuf hits you with a quarterstaff of chaos!
You die...
Yredelemnul claims you as an undead slave.

...###.##.##....#
#...# #.....#
.......#...######
##### #.....#
##.....#.[.#
###.####
.........).# #####
#...# #...#...#..#
#..)# #...#
#.)........# #...#
#...# #..........#
... ###.#
#.........## ♣##g##
#.# ##.#.......#
♣♣♣@♣♣ #...^.#
##.#...##.##♣♣♣.♣♣♣
####### .#.#......#
♣♣♣.♣♣♣ ....##....#
♣♣.♣♣♣♣ ....##....#
♣♣♣.♣♣♣♣
#...##....#
♣♣.[.♣♣♣
##.######.#
♣♣....♣♣ ##.# #.#
##....## ##.## #.#
#....#


You could see Crazy Yiuf.

Vanquished Creatures
  2 giant geckos (D:1)
  5 bats
  4 giant cockroaches
  5 goblins
  6 hobgoblins (D:1)
  A ball python (D:1)
  2 giant newts
  5 jackals (D:1)
  A kobold (D:1)
  3 rats (D:1)
34 creatures vanquished.

Notes
Turn   | Place    | Note
--------------------------------------------------------------
     0 | D:1      | PolkaDot, the Vampire Death Knight, began the quest for the Orb.
     0 | D:1      | Reached XP level 1. HP: 16/16 MP: 1/1
   127 | D:1      | Reached XP level 2. HP: 22/22 MP: 2/2
   386 | D:1      | Reached skill level 3 in Short Blades
   434 | D:1      | Reached XP level 3. HP: 21/28 MP: 4/4
   441 | D:1      | Acquired Yredelemnul's second power
   717 | D:2      | Found a basalt altar of Yredelemnul.
   720 | D:2      | Found a bloodstained altar of Trog.
   876 | D:2      | Noticed Crazy Yiuf
   883 | D:2      | Gained mutation: You are partially covered in iridescent scales (AC +4). [potion of mutation]
   883 | D:2      | Gained mutation: You are surrounded by a mild repulsion field (EV +2). [potion of mutation]
   898 | D:2      | Slain by Crazy Yiuf

Action                   || total
-------------------------++-------
Melee: Short sword       ||   123
       Dagger            ||    16
Invok: Injury Mirror     ||     1
  Use: Potion            ||     5
       Scroll            ||     4
